Map: Distrito de Newkirk TE (Grande Vazio)

Players

victorhugovh - Winner!

  • Race: Terran Terran
  • League: Platinum
  • Spawn Location: 7:00

VOD

Have the link to the VOD?

Description

Time

  • Played on: Feb. 7, 2017, 5 p.m.
  • Length: 10:25
Show
View Real Time Build Order
Export as new Build Order

victorhugovh Terran - Winner!

Build Orders: Reaper Expand, Hellion Banshee, Mech 

Get SALT Encoding   

  12  0:02  SCV  
  12  0:14  SCV  
  12  0:18  Supply Depot  
  12  0:26  SCV  
  12  0:29  Refinery  
  12  0:40  SCV  
  12  0:46  Barracks  
  12  0:52  SCV  
  12  1:04  SCV  
  12  1:16  SCV  
  12  1:28  SCV  
  12  1:33  Reaper  
  12  1:40  Command Center  
  12  1:50  Factory  
  12  2:00  Orbital Command  
  12  2:07  Barracks Reactor  
  12  2:14  Supply Depot  
  12  2:21  Refinery  
  12  2:25  SCV  
  12  2:38  SCV  
  12  2:48  Starport  
  12  2:51  SCV  
  12  3:00  Hellion x2  
  12  3:12  SCV  
  12  3:14  Barracks Tech Lab  
  12  3:19  Orbital Command  
  12  3:24  SCV  
  12  3:26  Hellion  
  12  3:27  Hellion  
  12  3:35  Engineering Bay  
  12  3:44  SCV  
  12  3:46  SCV  
  12  3:50  Banshee  
  12  3:53  Cloaking Field  
  12  4:01  Hellion  
  12  4:05  Hellion  
  12  4:10  Missile Turret  
  12  4:12  SCV  
  12  4:13  SCV  
  12  4:18  Missile Turret  
  12  4:24  SCV  
  12  4:34  Supply Depot  
  12  4:37  Hellion x2  
  12  4:38  Barracks Reactor  
  12  4:44  SCV x2  
  12  4:45  Factory  
  12  4:51  Refinery  
  12  4:56  SCV  
  12  4:59  Hellion x2  
  12  5:03  SCV  
  12  5:08  SCV  
  12  5:09  Supply Depot  
  12  5:20  SCV x2  
  12  5:22  Barracks Tech Lab  
  12  5:27  Armory  
  12  5:31  Hellion x2  
  12  5:32  SCV x2  
  12  5:37  Supply Depot  
  12  5:42  Refinery  
  12  5:44  SCV x2  
  12  5:56  SCV  
  12  5:58  SCV, Medivac x2  
  12  6:02  Supply Depot  
  12  6:08  SCV  
  12  6:10  SCV  
  12  6:24  Thor, Hellion  
  12  6:25  Supply Depot  
  12  6:27  Supply Depot  
  12  6:36  SCV  
  12  6:43  Medivac x2, Terran Vehicle Weapons Level 1  
  12  6:44  SCV, Hellion  
  12  6:47  Hellion  
  12  6:48  SCV  
  12  6:49  Command Center  
  12  6:56  SCV  
  12  7:00  SCV  
  12  7:07  Hellion  
  12  7:08  SCV, Hellion  
  12  7:12  SCV, Thor  
  12  7:26  Supply Depot  
  12  7:27  Supply Depot  
  12  7:48  SCV x2, Medivac x2  
  12  7:49  Supply Depot  
  12  7:50  Supply Depot  
  12  7:52  Hellion x2  
  12  7:55  Thor  
  12  8:01  SCV x2  
  12  8:10  Infernal Pre-Igniter  
  12  8:13  SCV x2  
  12  8:25  SCV x2, Planetary Fortress  
  12  8:35  Hellion x2  
  12  8:36  Medivac x2  
  12  8:37  SCV x2  
  12  8:38  Thor  
  12  8:47  Refinery  
  12  8:49  SCV x2, Refinery  
  12  8:56  Hellion  
  12  8:57  Hellion  
  12  9:01  SCV x2  
  12  9:06  SCV  
  12  9:12  Supply Depot  
  12  9:13  Supply Depot, Command Center  
  12  9:16  SCV x2, Medivac  
  12  9:21  Hellion x2  
  12  9:33  Medivac, Thor  
  12  9:34  Supply Depot  
  12  9:35  SCV x3  
  12  9:37  Supply Depot  
  12  9:44  Hellion x2  
  12  9:47  SCV  
  12  9:56  SCV x2  
  12  9:58  Factory  
  12  9:59  SCV  
  12  10:03  Factory  
  12  10:08  SCV x2, Barracks Reactor  
Tags
 
Add a new tag
Caveats
  • Supply blocks, unpowered buildings, or Contaminate may cause inaccurate times.
  • Supply counts are checked every 10 seconds.